 Dungeon Crawl Stone Soup version 0.32-a0-12-g7fc57aa741 (webtiles) character file.

Game seed: 8008303012144254149

655 hikkokomori the Thaumaturge (level 7, -5/51 HPs)
             Began as a Gnoll Wanderer on Jan 15, 2024.
             Killed by nerve-wracking pain
             ... invoked by an orc priest
              (12 damage)
             ... on level 4 of the Dungeon.
             The game lasted 00:10:34 (4015 turns).

hikkokomori the Thaumaturge (Gnoll Wanderer)        Turns: 4015, Time: 00:10:35

Health: -5/51      AC:  9    Str:  9    XL:     7   Next: 54%
Magic:  15/22      EV: 13    Int: 13    God:
Gold:   160        SH:  0    Dex: 14    Spells: 15/29 levels left

rFire   . . .        l - +1 short sword (venom)
rCold   . . .        (no shield)
rNeg    . . .        t - +1 animal skin
rPois   .            u - +1 helmet
rElec   .            d - +0 cloak
rCorr   .            k - +0 pair of gloves
SInv    .            m - +0 pair of boots
Will    .....        (no amulet)
Stlth   ++           (no ring)
HPRegen 0.28/turn    (no ring)
MPRegen 0.18/turn

%: no passive effects
@: very slightly contaminated
A: fangs 1, strong nose, distributed training
a: no special abilities


You were on level 4 of the Dungeon.
You visited 1 branch of the dungeon, and saw 4 of its levels.

You collected 190 gold pieces.
You spent 30 gold pieces at shops.

Inventory:

Hand Weapons
 a - a +0 dagger
 i - a +0 short sword
 j - a +0 flail of protection
 l - a +1 short sword of venom (weapon)
 y - a +2 antimagic trident
 z - a +2 dagger of speed
Missiles
 g - 9 poisoned darts
 n - a throwing net
Armour
 c - a +0 robe
 d - a +0 cloak (worn)
 k - a +0 pair of gloves (worn)
 m - a +0 pair of boots (worn)
 t - a +1 animal skin (worn)
 u - a +1 helmet (worn)
Magical Staves
 h - a staff of air
Wands
 o - a wand of flame (23)
Scrolls
 b - 3 scrolls of teleportation
 f - a scroll of enchant armour {unknown}
 q - 2 scrolls of amnesia {unknown}
 r - a scroll of fear {unknown}
 s - a scroll of immolation {unknown}
Potions
 e - 8 potions of curing
 p - a potion of might
 v - a potion of brilliance {unknown}
 w - a potion of ambrosia {unknown}
 x - a potion of degeneration {unknown}


   Skills:
 + Level 2.6 Fighting
 + Level 2.6 Short Blades
 + Level 2.6 Long Blades
 + Level 2.6 Axes
 + Level 2.6 Maces & Flails
 + Level 2.6 Polearms
 + Level 2.6 Staves
 + Level 2.6 Ranged Weapons
 + Level 2.6 Throwing
 + Level 3.7 Armour
 + Level 3.7 Dodging
 + Level 3.6 Stealth
 + Level 2.6 Shields
 + Level 2.6 Unarmed Combat
 + Level 11.6 Spellcasting
 + Level 2.1 Conjurations
 + Level 2.1 Hexes
 + Level 2.1 Summonings
 + Level 2.1 Necromancy
 + Level 2.1 Translocations
 + Level 2.1 Fire Magic
 + Level 2.1 Ice Magic
 + Level 2.1 Air Magic
 + Level 3.1 Earth Magic
 + Level 2.1 Alchemy
 + Level 3.0 Invocations
 + Level 2.6 Evocations
 + Level 2.4 Shapeshifting


You had 15 spell levels left.
You knew the following spells:

 Your Spells              Type           Power      Damage    Failure   Level
a - Sandblast             Erth           30%        2d9       2%          1
b - Cigotuvi's Dreadful   Necr/Alch/Air  26%        N/A       6%          2
c - Frozen Ramparts       Ice            26%        1d4       12%         3
d - Blink                 Tloc           26%        N/A       6%          2
e - Passwall              Erth           15%        N/A       8%          3
f - Mephitic Cloud        Conj/Alch/Air  13%        N/A       12%         3

Your spell library contained the following spells:

 Spells                   Type           Power      Damage    Failure   Level
 Foxfire                  Conj/Fire      52%        2x1d6     3%          1
 Magic Dart               Conj           52%        1d5       3%          1
 Slow                     Hex            52%        N/A       3%          1
 Call Imp                 Summ           26%        N/A       6%          2
 Lesser Beckoning         Tloc           26%        N/A       6%          2
 Mercury Vapours          Alch/Air       26%        N/A       6%          2
 Static Discharge         Conj/Air       26%        3-5/arc   6%          2
 Airstrike                Air            6%         2d(1-17)  36%         4
 Summon Lightning Spire   Summ/Air       13%        N/A       36%         4
 Freezing Cloud           Conj/Ice/Air   6%         6-21      71%         5
 Plasma Beam              Fire/Air       6%         2x1d17    99%         6
 Starburst                Conj/Fire      6%         6d4       99%         6


Dungeon Overview and Level Annotations

Branches:
Dungeon (4/15)
 Temple: D:4-7

Altars:
Cheibriados
Dithmenos
Elyvilon
Makhleb
Trog
Vehumet
Yredelemnul
The Shining One

Shops:
D:1 !   D:2 [


Innate Abilities, Weirdness & Mutations

You have very sharp teeth.
Your uncanny sense of smell can sniff out nearby items.
Your experience applies equally to all skills.


Message History

Confirm with . or Enter, or press ? or * to list all spells.
Aiming: Sandblast (safe; 2% risk of failure)
Press: ? - help, Shift-Dir - straight line, f/p - orc priest
Aim: an orc priest, wielding a +0 hand axe and wearing a +0 scale mail (severely wounded, 84% to hit)
The blast of sand hits the orc priest but does no damage.
The orc priest is severely wounded.
The orc hits you with a +0 mace.
* * * LOW HITPOINT WARNING * * *
The orc priest barely misses you. The orc closely misses you.
The orc hits you but does no damage. The orc priest closely misses you.
The hobgoblin closely misses you. The orc closely misses you.
Unknown command.
Unknown command.
Casting: Sandblast (safe; 2% risk of failure)
Confirm with . or Enter, or press ? or * to list all spells.
Aiming: Sandblast (safe; 2% risk of failure)
Press: ? - help, Shift-Dir - straight line, f/p - orc priest
Aim: an orc priest, wielding a +0 hand axe and wearing a +0 scale mail (severely wounded, 84% to hit)
The blast of sand hits the orc priest but does no damage.
The orc priest is severely wounded.
The orc hits you but does no damage. The hobgoblin hits you.
* * * LOW HITPOINT WARNING * * *
The orc priest closely misses you. The orc barely misses you.
Unknown command.
Unknown command.
Casting: Sandblast (safe; 2% risk of failure)
Confirm with . or Enter, or press ? or * to list all spells.
Aiming: Sandblast (safe; 2% risk of failure)
Press: ? - help, Shift-Dir - straight line, f/p - orc priest
Aim: an orc priest, wielding a +0 hand axe and wearing a +0 scale mail (severely wounded, 84% to hit)
The blast of sand hits the orc priest but does no damage.
The orc priest is severely wounded.
The orc misses you.
The hobgoblin hits you but does no damage.
The orc priest hits you with a +0 hand axe.
* * * LOW HITPOINT WARNING * * *
The orc closely misses you. x3; The orc barely misses you.
The orc priest invokes the aid of Beogh against you.
Pain shoots through your body!
You die...

#######... #####...
#######.......
##..<..........
##..............
#...............
#####........<......
#...o...............
#.#@g...#..........#
#.ooo..............#
#.#o⌠.⌠.#.........##
#................##
#.#.....#.#.######
#...._....#.#
#.#.....#.#
.........# #
#.⌠.⌠.#.#


You could see an orc priest, 4 orcs and a hobgoblin.

Vanquished Creatures
  Sigmund (D:4)
  Duvessa (D:4)
  A scorpion (D:4)
  Dowan (D:4)
  A howler monkey (D:4)
  An orc priest (D:4)
  An iguana (D:4)
  Robin (D:4)
  5 gnolls
  3 adders
  3 dart slugs
  3 ribbon worms
  5 orcs
  A bat (D:2)
  4 endoplasms
  6 giant cockroaches
  17 goblins
  8 hobgoblins
  12 kobolds
  5 quokkas
  9 ball pythons
  7 frilled lizards
  5 rats
  A spectral goblin (D:1)
102 creatures vanquished.

Notes
Turn   | Place    | Note
-------+----------+-------------------------------------------
     0 | D:1      | Reached skill level 11 in Spellcasting
     0 | D:1      | hikkokomori the Gnoll Wanderer began the quest for the Orb.
     0 | D:1      | hikkokomori set off with the following items: a +0 dagger,
                  | a scroll of teleportation, a +0 robe, a +0 cloak; and the
                  | following spells available to memorise: Sandblast, Slow,
                  | Passwall, Cigotuvi's Dreadful Rot, Lesser Beckoning, Frozen
                  | Ramparts.
     0 | D:1      | Reached XP level 1. HP: 13/13 MP: 12/12
   182 | D:1      | Reached XP level 2. HP: 19/19 MP: 14/14
   357 | D:1      | Learned a level 1 spell: Sandblast
   360 | D:1      | Learned a level 2 spell: Cigotuvi's Dreadful Rot
   674 | D:1      | Reached XP level 3. HP: 24/24 MP: 9/15
   997 | D:1      | Reached skill level 1 in Invocations
  1005 | D:1      | Found Kucutzir's Distillery.
  1008 | D:1      | Bought a potion of curing for 30 gold pieces
  1100 | D:1      | Found a faded altar of an unknown god.
  1160 | D:1      | Learned a level 3 spell: Frozen Ramparts
  1298 | D:2      | Reached skill level 1 in Fighting
  1298 | D:2      | Reached skill level 1 in Short Blades
  1298 | D:2      | Reached skill level 1 in Long Blades
  1298 | D:2      | Reached skill level 1 in Axes
  1298 | D:2      | Reached skill level 1 in Maces & Flails
  1298 | D:2      | Reached skill level 1 in Polearms
  1298 | D:2      | Reached skill level 1 in Staves
  1298 | D:2      | Reached skill level 1 in Ranged Weapons
  1298 | D:2      | Reached skill level 1 in Throwing
  1298 | D:2      | Reached skill level 1 in Shields
  1298 | D:2      | Reached skill level 1 in Unarmed Combat
  1298 | D:2      | Reached skill level 1 in Evocations
  1628 | D:2      | Reached skill level 1 in Shapeshifting
  1628 | D:2      | Reached XP level 4. HP: 32/32 MP: 13/17
  1639 | D:2      | Reached skill level 1 in Conjurations
  1639 | D:2      | Reached skill level 1 in Hexes
  1639 | D:2      | Reached skill level 1 in Summonings
  1639 | D:2      | Reached skill level 1 in Necromancy
  1639 | D:2      | Reached skill level 1 in Translocations
  1639 | D:2      | Reached skill level 1 in Fire Magic
  1639 | D:2      | Reached skill level 1 in Ice Magic
  1639 | D:2      | Reached skill level 1 in Air Magic
  1639 | D:2      | Reached skill level 1 in Alchemy
  1644 | D:2      | Learned a level 2 spell: Blink
  1648 | D:2      | Learned a level 3 spell: Passwall
  1652 | D:2      | Learned a level 3 spell: Mephitic Cloud
  1772 | D:2      | Found Guluxkonn's Armour Boutique.
  2240 | D:3      | Found a basalt altar of Yredelemnul.
  2242 | D:3      | Noticed a profane servitor
  2497 | D:3      | Reached XP level 5. HP: 37/37 MP: 16/18
  2508 | D:3      | Found a radiant altar of Vehumet.
  2653 | D:3      | Found a snail-covered altar of Cheibriados.
  2926 | D:3      | Found a glowing golden altar of the Shining One.
  3139 | D:4      | Noticed Robin
  3155 | D:4      | Killed Robin
  3400 | D:4      | Found a burning altar of Makhleb.
  3430 | D:4      | Reached XP level 6. HP: 25/44 MP: 11/20
  3522 | D:4      | Noticed Duvessa
  3523 | D:4      | Noticed Sigmund
  3530 | D:4      | Noticed Dowan
  3537 | D:4      | Killed Duvessa
  3538 | D:4      | Reached XP level 7. HP: 44/50 MP: 8/22
  3541 | D:4      | Found a shadowy altar of Dithmenos.
  3553 | D:4      | Killed Dowan
  3557 | D:4      | Killed Sigmund
  3970 | D:4      | Found a bloodstained altar of Trog.
  4000 | D:4      | Found a white marble altar of Elyvilon.
  4015 | D:4      | Killed from afar by an orc priest

Illustrated notes

Levels and vault maps discovered:
D:1:      dpeg_arrival_more_subterranean_lakeside_camping, layout_basic,
          dreamdust_ecumenical_altar_drowned_temple, serial_shops, shop,
          minivault_27, minivault_27, minmay_shallow_snake_nest
D:2:      layout_loops_ring, serial_shops, shop
D:3:      layout_basic, grunt_temple_overflow_holy_war, chei_slow_surprise,
          nicolae_vehumet_radiance, corexii_corridor_pit
D:4:      layout_rooms, nicolae_overflow_hidden_temple,
          nicolae_dithmenos_through_a_glass_darkly, kennysheep_mini,
          elyvilon_altar_5, minmay_misc_feat_columns, minmay_pentomino_pile,
          uniq_duvessa, uniq_robin, uniq_sigmund

Skill      XL: |  1  2  3  4  5  6  7 |
---------------+----------------------+-----
Spellcasting   | | 11.6
Earth Magic    | 2 3 |  3.1
Invocations    | 1 2 3 |  3.0
Fighting       | 1 2 |  2.6
Short Blades   | 1 2 |  2.6
Long Blades    | 1 2 |  2.6
Axes           | 1 2 |  2.6
Maces & Flails | 1 2 |  2.6
Polearms       | 1 2 |  2.6
Staves         | 1 2 |  2.6
Ranged Weapons | 1 2 |  2.6
Throwing       | 1 2 |  2.6
Shields        | 1 2 |  2.6
Unarmed Combat | 1 2 |  2.6
Evocations     | 1 2 |  2.6
Shapeshifting  | 1 2 |  2.4
Conjurations   | 1 2 |  2.1
Hexes          | 1 2 |  2.1
Summonings     | 1 2 |  2.1
Necromancy     | 1 2 |  2.1
Translocations | 1 2 |  2.1
Fire Magic     | 1 2 |  2.1
Ice Magic      | 1 2 |  2.1
Air Magic      | 1 2 |  2.1
Alchemy        | 1 2 |  2.1
Armour         | 3 |  3.7
Dodging        | 3 |  3.7
Stealth        | 3 |  3.6

Action                     |  1- 3 |  4- 6 |  7- 9 || total
---------------------------+-------+-------+-------++-------
  Melee: Dagger            |    72 |       |       ||    72
         Bite              |    13 |     3 |     3 ||    19
         Short sword       |     9 |    10 |    15 ||    34
         Punch             |     1 |       |       ||     1
  Throw: Stone             |    10 |       |       ||    10
   Cast: Sandblast         |    55 |    81 |    15 ||   151
         Cigotuvi's Dreadf |     1 |     1 |       ||     2
         Frozen Ramparts   |       |     3 |     2 ||     5
         Mephitic Cloud    |       |     1 |       ||     1
  Evoke: Wand              |       |       |     1 ||     1
    Use: Scroll            |       |     1 |       ||     1
         Potion            |       |     1 |       ||     1
   Stab: Sleeping          |     1 |       |       ||     1
         Confused          |       |     3 |       ||     3
 Armour: Robe              |    47 |    15 |       ||    62
         Animal skin       |       |    23 |    27 ||    50
  Dodge: Dodged            |    57 |    37 |    35 ||   129

Table legend: (Time is in decaauts)
 A = Elapsed time spent in this place.
 B = Non-inter-level travel time spent in this place.
 C = Inter-level travel time spent in this place.
 D = Time resting spent in this place.
 E = Time spent auto-exploring this place.
 F = Levels seen in this place.
 G = Mean time per level.
                   A        B        C        D        E       F      G
               +--------+--------+--------+--------+--------+-----+--------+
         Total |   4093 |   3934 |    159 |    159 |   3039 |   4 | 1023.2 |
       Dungeon |   4093 |   3934 |    159 |    159 |   3039 |   4 | 1023.2 |
               +--------+--------+--------+--------+--------+-----+--------+

Top non-repeatable levels by time:
     D:1: 1252 daAuts
     D:4: 961 daAuts
     D:2: 942 daAuts
     D:3: 938 daAuts
